 Dungeon Crawl Stone Soup version 0.29-a0-998-g1987434951 (webtiles) character file.

Game seed: 6420729841291669086

193 Zonian the Chiller (level 5, -3/35 HPs)
             Began as a Demonspawn Ice Elementalist on Aug 5, 2022.
             Was an Initiate of Nemelex Xobeh.
             Killed from afar by Natasha (9 damage)
             ... with a magic dart
             ... on level 3 of the Dungeon.
             The game lasted 00:08:18 (5941 turns).

Zonian the Chiller (Demonspawn Ice Elementalist)    Turns: 5941, Time: 00:08:19

Health: -3/35      AC:  0    Str: 11    XL:     5   Next: 43%
Magic:  9/9        EV: 15    Int: 16    God:    Nemelex Xobeh [......]
Gold:   106        SH:  0    Dex: 13    Spells: 8/9 levels left

rFire   . . .      SeeInvis .     - Unarmed
rCold   . . .      Faith    .   (shield currently unavailable)
rNeg    . . .      Spirit   .   (body armour currently unavailable)
rPois   .          Reflect  .   (helmet currently unavailable)
rElec   .          Harm     .   (cloak currently unavailable)
rCorr   .          Rampage  .   (gloves currently unavailable)
Will    .....                   (boots currently unavailable)
Stlth   ++........              (no amulet)
HPRegen 0.11/turn               (ring currently unavailable)
MPRegen 0.11/turn               (ring currently unavailable)

@: pig-form (expiring), very quick
A: fast, no casting, small, (claws 2), demonic guardian 1, (sharp scales 1)
a: Renounce Religion, Draw Escape, Draw Destruction, Draw Summoning


You were on level 3 of the Dungeon.
You worshipped Nemelex Xobeh.
Nemelex Xobeh was noncommittal.
You were a filthy swine.
You visited 1 branch of the dungeon, and saw 3 of its levels.

You collected 106 gold pieces.

Inventory:

Hand Weapons
 d - a +0 short sword
 m - a +2 spear of venom
 n - a +1 whip of electrocution
Armour
 a - a +0 robe (melded)
 e - a +0 leather armour
 f - a +2 ring mail of cold resistance
Jewellery
 q - a ring of fire
Scrolls
 c - a scroll of immolation {unknown}
 h - a scroll of magic mapping {unknown}
 j - a scroll of enchant weapon {unknown}
 l - a scroll of amnesia {unknown}
 p - a scroll of enchant armour {unknown}
 r - a scroll of identify
Potions
 b - 2 potions of magic
 i - a potion of mutation
 k - a potion of brilliance
 o - a potion of flight


   Skills:
 + Level 2.8 Dodging
 + Level 3.0 Stealth
 + Level 1.4 Unarmed Combat
 + Level 2.9 Spellcasting
 + Level 4.2 Ice Magic


You had 8 spell levels left.
You knew the following spells:

 Your Spells              Type           Power      Damage    Failure   Level
a - Freeze                Ice            64%        1d8       3%          1

Your spell library contained the following spells:

 Spells                   Type           Power      Damage    Failure   Level
 Frozen Ramparts          Ice            32%        1d11      10%         3
 Ozocubu's Armour         Ice            16%        N/A       10%         3
 Dazzling Flash           Conj/Hex       4%         N/A       50%         3
 Hailstorm                Conj/Ice       9%         3d4       61%         4
 Iskenderun's Mystic Bla  Conj/Tloc      2%         2d3       88%         4
 Starburst                Conj/Fire      1%         6d3       100%        6


Dungeon Overview and Level Annotations

Branches:
Dungeon (3/15)

Altars:
Nemelex Xobeh

Annotations:
D:2 1 runed translucent door, Crazy Yiuf
D:3 Natasha


Innate Abilities, Weirdness & Mutations

You are a filthy swine.
You move quickly.
Your equipment is almost entirely melded.
You are incapable of wielding weapons or throwing items.
You cannot cast spells.
((You have very sharp fingernails.))
A weak demonic guardian rushes to your aid.
((You are partially covered in razor-sharp scales. (AC +1, Slay +1)))


Message History

The magic dart hits you!
You hit something. Something claws you.
You hit something.
You hear some strange, mumbled words.
You hit the white imp but do no damage. Something claws you.
You closely miss the white imp. The white imp gestures at you.
The puff of frost hits you!
* * * LOW HITPOINT WARNING * * *
Unknown command.
Okay, then.
You feel better.
You hear some strange, mumbled words.
The white imp barely misses you.
Okay, then.
You can't do that in your present form.
Unknown command.
Okay, then.
You miss something. Something claws you. The white imp closely misses you.
You hit something. Something closely misses you.
The white imp closely misses you.
You closely miss something.
You hear some strange, mumbled words.
Something tries to affect you, but you resist.
The white imp barely misses you.
You hit something but do no damage. Something claws you.
The white imp barely misses you.
You closely miss something. Something claws you.
The white imp barely misses you.
You closely miss something.
Your transformation is almost over.
Something claws you.
* * * LOW HITPOINT WARNING * * *
A demonic guardian appears!
The white imp closely misses you.
You hit something.
You hear some strange, mumbled words.
A magic dart appears from out of thin air!
The magic dart hits you!
You die...
Your body disappears without a glow.

....#<#.#........#
..#.#.#.#......#.##
......#.#......#..#
###.###.##.....#..#
......#.#<.....#..##
###.#.#.#......#...#
#...#.#.#.####.#5#.#
#...#+#+#' #.#5#.##
##....)... #h#..#
#......... #{##.#
##.....8.8 #5##.h......
#.....#+#....'..###...####
##.....# #....#... .....
.....### ###. #.... #...##
.....# # #..... .....
.....# #...!.#......
.....# #.....#......


You could see a white imp (summoned, ally target), a shadow imp (summoned) and a
friendly iron imp (summoned).

Vanquished Creatures
  Jessica (D:2)
  Natasha (twice) (D:3)
  3 gnolls (D:2)
  An adder (D:2)
  4 worms (D:2)
  5 endoplasms
  A giant cockroach (D:1)
  3 goblins
  5 hobgoblins
  3 jackals (D:1)
  4 quokkas
  4 ball pythons
  11 bats
  3 frilled lizards
  3 kobolds
  4 rats (D:1)
57 creatures vanquished.

Vanquished Creatures (collateral kills)
  A gnoll (D:2)
  A hobgoblin (D:1)
  A bat (D:1)
  A rat (D:1)
4 creatures vanquished.

Grand Total: 61 creatures vanquished

Notes
Turn   | Place    | Note
-------+----------+-------------------------------------------
     0 | D:1      | Zonian the Demonspawn Ice Elementalist began the quest for
                  | the Orb.
     0 | D:1      | Reached XP level 1. HP: 13/13 MP: 3/3
   415 | D:1      | Gained mutation: You have sharp fingernails. [demonic
                  | ancestry]
   415 | D:1      | Reached XP level 2. HP: 14/19 MP: 3/5
  1627 | D:1      | Gained mutation: A weak demonic guardian rushes to your
                  | aid. [demonic ancestry]
  1627 | D:1      | Reached XP level 3. HP: 18/24 MP: 6/6
  3016 | D:2      | Noticed Jessica
  3017 | D:2      | Found a sparkling altar of Nemelex Xobeh.
  3024 | D:2      | Killed Jessica
  3025 | D:2      | Reached skill level 4 in Ice Magic
  3025 | D:2      | Gained mutation: You have very sharp fingernails. [demonic
                  | ancestry]
  3025 | D:2      | Reached XP level 4. HP: 10/30 MP: 3/7
  3606 | D:2      | Became a worshipper of Nemelex Xobeh the Trickster
  3843 | D:2      | Reached skill level 1 in Unarmed Combat
  4877 | D:2      | Gained mutation: You are partially covered in razor-sharp
                  | scales. (AC +1, Slay +1) [demonic ancestry]
  4877 | D:2      | Reached XP level 5. HP: 29/35 MP: 7/9
  4988 | D:2      | Found a runed translucent door.
  4989 | D:2      | Noticed Crazy Yiuf
  5252 | D:3      | Noticed Natasha
  5263 | D:3      | Killed Natasha
  5419 | D:3      | Noticed Natasha
  5737 | D:3      | Killed Natasha
  5860 | D:3      | Noticed Natasha
  5941 | D:3      | Killed from afar by Natasha

Illustrated notes

Levels and vault maps discovered:
D:1:      wander_arrival_desolate, layout_basic, minmay_3d_cube
D:2:      layout_loops_cross, basic_altar, minmay_split_cup_large, uniq_jessica,
          uniq_crazy_yiuf_cottage
D:3:      layout_basic, mainiacjoe_overflow_alcove_2, slow_altar_2,
          dreamdust_ecumenical_altar_angels_and_demons, bh_walls_and_bars,
          uniq_natasha

Skill      XL: |  1  2  3  4  5 |
---------------+----------------+-----
Stealth        | 2 3 |  3.0
Dodging        | 2 |  2.8
Ice Magic      | 4 |  4.2
Unarmed Combat | 1 |  1.4
Spellcasting   | |  2.9

Action                   |  1- 3 |  4- 6 || total
-------------------------+-------+-------++-------
Melee: Unarmed           |    62 |    46 ||   108
       Short sword       |     9 |       ||     9
       Punch             |     2 |       ||     2
 Cast: Freeze            |    37 |    33 ||    70
  Use: Scroll            |       |     4 ||     4
       Potion            |       |     1 ||     1
 Stab: Sleeping          |     4 |       ||     4
Armor: Robe              |    23 |    10 ||    33
Dodge: Dodged            |    62 |    59 ||   121

Table legend: (Time is in decaauts)
 A = Elapsed time spent in this place.
 B = Non-inter-level travel time spent in this place.
 C = Inter-level travel time spent in this place.
 D = Time resting spent in this place.
 E = Time spent auto-exploring this place.
 F = Levels seen in this place.
 G = Mean time per level.
                   A        B        C        D        E       F      G
               +--------+--------+--------+--------+--------+-----+--------+
         Total |   5952 |   5816 |    136 |   3551 |   1525 |   3 | 1984.0 |
       Dungeon |   5952 |   5816 |    136 |   3551 |   1525 |   3 | 1984.0 |
               +--------+--------+--------+--------+--------+-----+--------+

Top non-repeatable levels by time:
     D:2: 2617 daAuts
     D:1: 2544 daAuts
     D:3: 790 daAuts
